 Dungeon Crawl Stone Soup version 0.26.1-11-gd32895ea62 (webtiles) character file.

Game seed: 9314387506845034275

26 novasaurus672 the Ruffian (level 2, 0/23 HPs)
             Began as a Draconian Transmuter on Sept 20, 2021.
             Slain by an adder (3 damage)
             ... on level 2 of the Dungeon.
             The game lasted 00:13:57 (906 turns).

novasaurus672 the Ruffian (Draconian Transmuter)     Turns: 906, Time: 00:13:58

Health: 0/23       AC:  5    Str: 12    XL:     2   Next: 89%
Magic:  5/5        EV: 12    Int: 13    God:
Gold:   27         SH:  0    Dex: 11    Spells: 4/5 levels left

rFire    . . .     SeeInvis .   b - +0 short sword
rCold    . . .     Faith    +   (no shield)
rNeg     . . .     Spirit   .   (armour unavailable)
rPois    .         Reflect  .   (helmet restricted)
rElec    .         Harm     .   c - +0 cloak
rCorr    .         Rampage  .   (no gloves)
Will     .....                  (no boots)
Stlth    +.........             g - amulet of faith (curse)
HPRegen  0.07/turn              (no ring)
MPRegen  0.09/turn              (no ring)

@: lethally poisoned (0 -> -2)
A: unfitting armour, cold-blooded, AC +4
a: no special abilities


You were on level 2 of the Dungeon.
You visited 1 branch of the dungeon, and saw 2 of its levels.

You collected 27 gold pieces.

Inventory:

Hand Weapons
 b - a +0 short sword (weapon)
Armour
 a - a +0 chain mail
 c - a +0 cloak (worn)
Jewellery
 g - a cursed amulet of faith (around neck)
Scrolls
 d - a scroll of remove curse {unknown}
 f - a scroll of immolation {unknown}
Potions
 e - a potion of flight {unknown}


   Skills:
 - Level 1.1 Fighting
 - Level 2.0 Dodging
 - Level 3.3 Unarmed Combat
 + Level 2.4 Spellcasting
 + Level 2.3 Transmutations


You had 4 spell levels left.
You knew the following spells:

 Your Spells              Type           Power        Failure   Level
a - Beastly Appendage     Tmut           14%          9%          1

Your spell library contained the following spells:

 Spells                   Type           Power        Failure   Level
 Wereblood                Tmut           7%           14%         2
 Spider Form              Tmut/Pois      2%           41%         3
 Ice Form                 Ice/Tmut       4%           83%         4
 Blade Hands              Tmut           3%           94%         5


Dungeon Overview and Level Annotations

Branches:
Dungeon (2/15)

Altars:


Innate Abilities, Weirdness & Mutations

Your plain brown scales are hard. (AC +4)
You cannot fit into any form of body armour.
You are cold-blooded and may be slowed by cold attacks.


Message History

The bat hits you but does no damage. The adder bites you but does no damage.
The bat barely misses you.
You barely miss the adder.
The adder is almost dead.
The bat hits you but does no damage. The adder barely misses you.
You closely miss the adder.
The adder is almost dead.
You feel sick. The adder bites you but does no damage. The bat misses you.
The adder barely misses you.
You completely miss the adder.
The adder is almost dead.
The bat hits you but does no damage. The adder bites you but does no damage.
The bat barely misses you.
You hit the adder.
The adder is almost dead.
The bat hits you but does no damage. The adder completely misses you.
The adder bites you.
* * * LOW HITPOINT WARNING * * *
The bat hits you but does no damage. The adder bites you.
You die...

....#. ....#.## .......#####
.........## .........# .#
#.......# .. ##
######..S....###.g ######>.
.....<.@b......... #....#.#
#####.#.....##.#
#....#.#######.#.....##.# #.#
#....#..................#.....
'.............................
#.....#.######.#....#.#.......
#...<.#.# #.######.######.#
#.....#.# #.# #.# #####.#.#
#.# .#+#


You could see an adder and a bat.

Vanquished Creatures
  An adder (D:2)
  2 dart slugs
  A goblin (D:1)
  2 hobgoblins
  3 bats (D:1)
  6 rats (D:1)
15 creatures vanquished.

Notes
Turn   | Place    | Note
-------+----------+-------------------------------------------
     0 | D:1      | novasaurus672 the Draconian Transmuter began the quest for
                  | the Orb.
     0 | D:1      | Reached XP level 1. HP: 16/16 MP: 3/3
   310 | D:1      | Reached XP level 2. HP: 20/23 MP: 5/5
   906 | D:2      | Slain by an adder

Illustrated notes

Levels and vault maps discovered:
D:1:      dpeg_arrival_rhombus, layout_basic
D:2:      layout_basic

Skill      XL: |  1 |
---------------+----+-----
Dodging        | 2 |  2.0
Fighting       | |  1.1
Unarmed Combat | |  3.3
Spellcasting   | |  2.4
Transmutations | |  2.3

Action                   || total
-------------------------++-------
Melee: Short sword       ||    82
       Unarmed           ||     4
       Tailslap          ||     4
       Kick              ||     2
       Headbutt          ||     1
 Cast: Beastly Appendage ||     2
Armor: Skin              ||    46
Dodge: Dodged            ||    74
